 Dungeon Crawl Stone Soup version 0.19-a0-1035-gdbfb0c6 (webtiles) character file.

497 Gagarin the Charmwright (level 6, -1/42 HPs)
             Began as a High Elf Skald on July 29, 2016.
             Was an Initiate of Dithmenos.
             Slain by Grinder (8 damage)
             ... on level 5 of the Dungeon.
             The game lasted 00:10:50 (3821 turns).

Gagarin the Charmwright (High Elf Skald)            Turns: 3821, Time: 00:10:51

Health: -1/42      AC:  4    Str: 16    XL:     6   Next: 93%
Magic:  5/12       EV: 13    Int: 16    God:    Dithmenos [......]
Gold:   122        SH:  0    Dex: 17    Spells: 2 memorised, 8 levels left

rFire  . . .     SeeInvis .     l - +0 rapier
rCold  . . .     Gourm    .     b - +0 leather armour
rNeg   . . .     Faith    .     (no shield)
rPois  .         Spirit   .     (no helmet)
rElec  .         Dismiss  .     (no cloak)
rCorr  .         Reflect  .     (no gloves)
SustAt .         Harm     .     (no boots)
MR     +....                    (no amulet)
Stlth  +.........               p - +1 ring of protection
                                m - ring of protection from magic

@: mighty, somewhat resistant to hostile enchantments, very unstealthy
A: no striking features
a: Renounce Religion


You were on level 5 of the Dungeon.
You worshipped Dithmenos.
Dithmenos was noncommittal.
You were not hungry.

You visited 2 branches of the dungeon, and saw 6 of its levels.

You collected 122 gold pieces.

Inventory:

Hand Weapons
 a - a +0 short sword
 l - a +0 rapier (weapon)
Armour
 b - a +0 leather armour (worn)
Jewellery
 m - a ring of protection from magic (left hand)
 p - a +1 ring of protection (right hand)
Scrolls
 f - a scroll of amnesia {unknown}
 h - a scroll of identify {unknown}
 n - a scroll of noise {unknown}
 o - a scroll of remove curse {unknown}
 q - a scroll of enchant armour {unknown}
 r - a scroll of teleportation
 s - a scroll of recharging {unknown}
 t - a scroll of fog {unknown}
Potions
 g - 2 potions of curing
 j - a potion of flight
 u - a potion of agility {unknown}
Books
 c - a book of Battle

   Spells                             Type                      Level
   a - Infusion                       Charms                       1
   b - Shroud of Golubria             Charms/Translocation         2
   c - Song of Slaying                Charms                       2
   d - Spectral Weapon                Hexes/Charms                 3
   e - Regeneration                   Charms/Necromancy            3
 k - a book of Ice

   Spells                             Type                      Level
   a - Ice Form                       Ice/Transmutation            4
   b - Metabolic Englaciation         Hexes/Ice                    5
   c - Ozocubu's Refrigeration        Ice                          6
   d - Bolt of Cold                   Conjuration/Ice              6
   e - Freezing Cloud                 Conjuration/Ice/Air          6
   f - Simulacrum                     Ice/Necromancy               6
Comestibles
 d - 4 bread rations
 i - a meat ration


   Skills:
 + Level 3.5 Fighting
 + Level 3.9 Short Blades
 + Level 3.0 Armour
 + Level 3.2 Dodging
 + Level 3.9 Spellcasting
 + Level 0.2 Hexes
 + Level 5.0 Charms


You had 8 spell levels left.
You knew the following spells:

 Your Spells              Type           Power        Failure   Level  Hunger
a - Infusion              Chrm           ###.         3%          1    None
b - Spectral Weapon       Hex/Chrm       ##......     21%         3    ###....


Dungeon Overview and Level Annotations

Branches:
Dungeon (6/15)             Temple (1/1) D:5

Altars:
Cheibriados
Dithmenos
Kikubaaqudgha
Makhleb
Nemelex Xobeh
Pakellas
Trog
Zin
The Shining One
Lugonu

Annotations:
D:5 Grinder, Sigmund


Message History

* * * LOW HITPOINT WARNING * * *
You writhe in agony.
* * * LOW HITPOINT WARNING * * *
It was a potion of might.
You feel very mighty all of a sudden.
You are no longer magically infusing your attacks.
Grinder barely misses you.
You puncture Grinder!
Grinder is heavily wounded.
Your spectral weapon completely misses Grinder.
Grinder says, "Wait up."
Grinder closely misses you.
You puncture Grinder!
Grinder is severely wounded.
Your spectral weapon barely misses Grinder.
Grinder closely misses you.
You puncture Grinder!
Grinder is almost dead.
Your spectral weapon misses Grinder.
Grinder hits you!
You die...

.....O..##....)..
#.5...#
........####..###
#.##.. ..._...# #.##
#.#... #.....# #.#
#.#.#.#####.....# #.#
#......#......# #.# #..
...#)####.# #.#
#.#.##.#.###.#.######.#
#.#....(5@..###.......#
#.####.#.#.#.#.########
#.####.#.#....##
#......#......#
###############


You could see Grinder and a friendly spectral rapier.

Vanquished Creatures
  Edmund (D:5)
  An ogre (D:5)
  A giant frog (D:6)
  A howler monkey (D:5)
  A crimson imp (D:5)
  An orc priest (D:5)
  A centaur skeleton (D:5)
  2 worker ants (D:5)
  A worker ant zombie (D:5)
  An adder (D:3)
  An ooze (D:2)
  2 worms (D:2)
  A dart slug (D:3)
  A giant gecko (D:1)
  3 orcs
  2 bats
  A giant cockroach (D:1)
  3 hobgoblins
  A ball python (D:2)
  A giant newt (D:2)
  4 goblins
  A kobold (D:2)
  7 rats
39 creatures vanquished.

Vanquished Creatures (others)
  A spectral weapon (D:5)
1 creature vanquished.

Grand Total: 40 creatures vanquished

Notes
Turn   | Place    | Note
-------+----------+-------------------------------------------
     0 | D:1      | Gagarin the High Elf Skald began the quest for the Orb.
     0 | D:1      | Reached XP level 1. HP: 14/14 MP: 4/4
   439 | D:1      | Reached skill level 4 in Charms
   465 | D:1      | Reached XP level 2. HP: 4/19 MP: 3/6
  1249 | D:2      | Found a shadowy altar of Dithmenos.
  1256 | D:2      | Became a worshipper of Dithmenos the Shadowed
  1521 | D:2      | Found a faded altar of an unknown god.
  1558 | D:2      | Reached skill level 1 in Armour
  1740 | D:3      | Reached XP level 3. HP: 22/25 MP: 5/8
  1828 | D:3      | Found a snail-covered altar of Cheibriados.
  2004 | D:3      | You fall through a shaft for 2 floors!
  2004 | D:5      | Entered Level 5 of the Dungeon
  2041 | D:5      | Reached XP level 4. HP: 14/30 MP: 5/9
  2398 | D:5      | Reached XP level 5. HP: 29/35 MP: 4/10
  2480 | D:5      | Noticed Grinder
  2558 | D:5      | Noticed Sigmund
  3056 | D:5      | Found a sparkling altar of Nemelex Xobeh.
  3309 | D:5      | Found a staircase to the Ecumenical Temple.
  3315 | Temple   | Entered the Ecumenical Temple
  3398 | D:5      | Noticed Edmund
  3421 | D:5      | Killed Edmund
  3421 | D:5      | Reached XP level 6. HP: 29/42 MP: 3/12
  3567 | D:5      | Learned a level 3 spell: Spectral Weapon
  3792 | D:5      | Found a snail-covered altar of Cheibriados.
  3812 | D:5      | Reached skill level 5 in Charms
  3821 | D:5      | Slain by Grinder

Vault maps used:
D:1:      minmay_arrival_four_circles
D:2:      old_standard_altar, ecumenical_altar_2, minmay_misc_feat_hallway
D:3:      old_standard_altar, nicolae_overflow_crystal_walls, uniq_jessica
D:5:      nemelex_xobeh_ov_fountains_minmay, kennysheep_mini,
          lemuel_doored_altar, first_bread, basic_altar, uniq_grinder,
          uniq_sigmund, uniq_edmund
Temple:   corrupted_temple

Skill      XL: |  1  2  3  4  5  6 |
---------------+-------------------+-----
Charms         | 4 5 |  5.0
Armour         | 1 2 3 |  3.0
Short Blades   | 3 |  3.9
Spellcasting   | 3 |  3.9
Fighting       | 3 |  3.5
Dodging        | 3 |  3.2
Hexes          | |  0.2

Action                   |  1- 3 |  4- 6 || total
-------------------------+-------+-------++-------
Melee: Short sword       |    33 |       ||    33
       Rapier            |    49 |    94 ||   143
 Cast: Infusion          |     8 |     8 ||    16
       Spectral Weapon   |       |     2 ||     2
  Use: Potion            |     1 |     5 ||     6
       Scroll            |       |     1 ||     1
 Stab: Sleeping          |     1 |       ||     1
  Eat: Chunk             |     3 |     3 ||     6
       Meat ration       |       |     1 ||     1
Armor: Leather armour    |    15 |    15 ||    30
Dodge: Dodged            |    35 |    44 ||    79
